 Dungeon Crawl Stone Soup version 0.31-a0-692-gf03d1854d5 (webtiles) character file.

Game seed: 12437720857456260854

295009 magaron the Slayer (level 20, -5/198 HPs)
             Began as a Minotaur Fighter on Aug 29, 2023.
             Was a High Priest of Okawaru.
             Killed from afar by a tengu reaver (9 damage)
             ... with a bolt of lightning
             ... led by Sojobo
             ... on level 3 of the Vaults on Sept 7, 2023.
             The game lasted 02:13:21 (45374 turns).

magaron the Slayer (Minotaur Fighter)              Turns: 45374, Time: 02:13:21

Health: -5/198     AC: 38    Str: 27    XL:     20   Next: 4%
Magic:  32/32      EV:  8    Int:  5    God:    Okawaru [*****.]
Gold:   2676       SH: 20    Dex:  7    Spells: 19/19 levels left

rFire   x . .        O - +2 Maxwell's thermic engine {flame, freeze, rev}
rCold   + + +        t - +2 kite shield
rNeg    + + .        K - +7 plate armour {Will+}
rPois   +            T - +1 hat {SInv}
rElec   +            r - +2 cloak {Stlth+}
rCorr   +            g - +2 pair of gloves {Stlth+}
SInv    +            q - +2 pair of boots {Fly}
Will    ++...        L - amulet of reflection Stlth
                     F - ring of Nujy {Ice rElec rN++ Str-2 Slay+2}
HPRegen 0.53/turn    Z - ring "Epoam" {rPois rC++ rCorr MP+9 Dex-4}
MPRegen 0.23/turn

%: reflection
@: marked, flying, invisible
A: horns 2, retaliatory headbutt
}: 2/15 runes: decaying, gossamer
a: Renounce Religion, Heroism, Finesse, Duel


You were on level 3 of the Vaults.
You worshipped Okawaru.
Okawaru was extremely pleased with you.
You visited 6 branches of the dungeon, and saw 33 of its levels.
You also visited: Sewer.

You collected 3894 gold pieces.
You spent 1218 gold pieces at shops.

Inventory:

Hand Weapons
 O - the +2 Maxwell's thermic engine (weapon) {flame, freeze, rev}
   (You found it on level 2 of the Swamp)
 P - a +9 demon blade of draining
 X - the +7 scimitar "Ykamacw" {flame, rF++ Str+3}
   (You found it on level 1 of the Vaults)

   Str+3:     It affects your strength (+3).
   rF++:      It greatly protects you from fire.
Missiles
 j - 3 silver javelins
 w - 12 boomerangs (quivered)
 H - 5 javelins
Armour
 g - a +2 pair of gloves of stealth (worn)
 k - a +0 tower shield
 q - a +2 pair of boots of flying (worn)
 r - a +2 cloak of stealth (worn)
 t - a +2 kite shield (worn)
 K - a +7 plate armour of willpower (worn)
 T - a +1 hat of see invisible (worn)
 V - a +2 plate armour of cold resistance
Jewellery
 l - a ring of poison resistance
 n - an amulet of regeneration
 u - a ring of protection from cold
 y - an amulet of faith
 F - the ring of Nujy (left hand) {Ice rElec rN++ Str-2 Slay+2}
   (You found it on level 1 of the Spider Nest)

   [ring of ice]

   Ice:       It enhances your ice magic.
   Str-2:     It affects your strength (-2).
   Slay+2:    It affects your accuracy & damage with ranged weapons and melee
   (+2).
   rF-:       It makes you vulnerable to fire.
   rC+:       It protects you from cold.
   rElec:     It insulates you from electricity.
   rN++:      It greatly protects you from negative energy.
 J - a ring of protection from fire
 L - an amulet of reflection (around neck)
 Q - an amulet of the acrobat
 Z - the ring "Epoam" (right hand) {rPois rC++ rCorr MP+9 Dex-4}
   (You found it on level 1 of the Vaults)

   [ring of magical power]

   Dex-4:     It affects your dexterity (-4).
   rC++:      It greatly protects you from cold.
   rPois:     It protects you from poison MP+9: It affects your magic capacity
   (+9).
   rCorr:     It protects you from acid and corrosion.
Wands
 o - a wand of iceblast (31)
 p - a wand of mindburst (10)
 I - a wand of flame (43)
 R - a wand of digging (16)
 W - a wand of polymorph (13)
Scrolls
 a - 19 scrolls of identify
 f - 2 scrolls of teleportation
 i - 5 scrolls of fog
 m - a scroll of immolation
 v - a scroll of poison
 C - 6 scrolls of silence
 E - a scroll of vulnerability
 S - a scroll of enchant weapon
 U - 2 scrolls of brand weapon
 Y - 4 scrolls of fear
Potions
 b - 12 potions of ambrosia
 c - 2 potions of heal wounds
 d - 5 potions of might
 e - 17 potions of curing
 h - 9 potions of invisibility
 s - a potion of attraction
 x - a potion of berserk rage
 z - 3 potions of resistance
 A - 2 potions of cancellation
 B - 7 potions of haste
 D - 6 potions of enlightenment
 G - a potion of magic
 M - a potion of brilliance


   Skills:
 + Level 21.1 Fighting
 - Level 18.7 Long Blades
 - Level 3.5 Axes
 - Level 15.5 Throwing
 + Level 19.7 Armour
 + Level 19.7 Shields
 + Level 6.1 Invocations
 + Level 6.0 Evocations


You had 19 spell levels left.
You didn't know any spells.
Your spell library contained the following spells:

 Spells                   Type           Power      Damage    Failure   Level
 Freeze                   Ice            0%         1d3       97%         1
 Sandblast                Erth           0%         2d4       97%         1
 Shock                    Conj/Air       0%         1d3       97%         1
 Cigotuvi's Dreadful Rot  Necr/Pois/Air  0%         N/A       99%         2
 Ensorcelled Hibernation  Hex/Ice        0%         N/A       99%         2
 Passwall                 Tmut/Erth      0%         N/A       99%         2
 Wereblood                Tmut           0%         N/A       99%         2
 Dazzling Flash           Conj/Hex       0%         N/A       100%        3
 Frozen Ramparts          Ice            0%         1d1       100%        3
 Hailstorm                Conj/Ice       0%         3d3       100%        3
 Ignite Poison            Fire/Tmut/Pois 0%         N/A       100%        3
 Inner Flame              Hex/Fire       0%         N/A       100%        3
 Ozocubu's Armour         Ice            0%         N/A       100%        3
 Stone Arrow              Conj/Erth      0%         3d7       100%        3
 Swiftness                Air            0%         N/A       100%        3
 Volatile Blastmotes      Fire/Tloc      0%         2d10      100%        3
 Anguish                  Hex/Necr       0%         N/A       100%        4
 Cause Fear               Hex            0%         N/A       100%        4
 Flame Wave               Conj/Fire      0%         2d4       100%        4
 Iskenderun's Mystic Bla  Conj/Tloc      0%         2d3       100%        4
 Olgreb's Toxic Radiance  Pois           0%         N/A       100%        4
 Passage of Golubria      Tloc           0%         N/A       100%        4
 Petrify                  Tmut/Erth      0%         N/A       100%        4
 Sticky Flame             Conj/Fire      0%         2d3       100%        4
 Freezing Cloud           Conj/Ice/Air   0%         6-21      100%        5
 Irradiate                Conj/Tmut      0%         3d11      100%        5
 Metabolic Englaciation   Hex/Ice        0%         N/A       100%        5
 Yara's Violent Unravell  Hex/Tmut       0%         3d3       100%        5
 Starburst                Conj/Fire      0%         6d3       100%        6
 Enfeeble                 Hex            0%         N/A       100%        7
 Orb of Destruction       Conj           0%         9d5       100%        7
 Discord                  Hex            0%         N/A       100%        8
 Ignition                 Fire           0%         3d3       100%        8
 Lehudib's Crystal Spear  Conj/Erth      0%         10d2      100%        8
 Maxwell's Capacitive Co  Air            0%         ∞         100%        8
 Tukima's Dance           Hex            Unusable   N/A       N/A         3
 Animate Armour           Summ/Erth      Unusable   N/A       N/A         4
 Animate Dead             Necr           Unusable   N/A       N/A         4
 Simulacrum               Ice/Necr       Unusable   N/A       N/A         6

Dungeon Overview and Level Annotations

Branches:
Dungeon (15/15)            Temple (0/1) D:4            Lair (5/5) D:9
  Swamp (4/4) Lair:2       Spider (4/4) Lair:3        Slime (0/5) Lair:4
    Orc (2/2) D:12            Elf (0/3) Orc:2        Vaults (3/5) D:14
  Crypt (0/3) Vaults:2     Depths (0/4) D:15          Sewer (visited)

Altars:
Cheibriados
Elyvilon
Kikubaaqudgha
Makhleb
Okawaru
Qazlal
Ru
Sif Muna
Trog
Uskayaw
Xom
Yredelemnul
The Shining One

Shops:
D:8 *   D:10 :   Orc:2 [([:*   Vaults:1 =

Annotations:
Vaults:3 Sojobo


Innate Abilities, Weirdness & Mutations

You have a pair of horns on your head.
You reflexively headbutt those who attack you in melee.


Message History

Sojobo claws you but does no damage. The tengu reaver casts a spell at you.
The bolt of lightning hits you. You resist.
* * * LOW HITPOINT WARNING * * *
The vault sentinel blows a loud note on a signal horn!
You slash Sojobo! You burn Sojobo. You freeze Sojobo. You headbutt Sojobo!
Sojobo is moderately wounded.
You block the tengu reaver's attack.
The tengu reaver pecks you but does no damage.
The tengu reaver claws you but does no damage.
Sojobo waves her feathered arms in wide circles.
The air twists around and strikes you!!
* * * LOW HITPOINT WARNING * * *
You feel much better. Sojobo hits you but does no damage. Sojobo pecks you!
* * * LOW HITPOINT WARNING * * *
You block Sojobo's attack. You block the tengu reaver's attack.
The tengu reaver pecks you.
* * * LOW HITPOINT WARNING * * *
The tengu reaver claws you.
* * * LOW HITPOINT WARNING * * *
Blink to where?
Press: ? - help, Dir - move target
As you read the scroll of blinking, it crumbles to dust.
Okay, then.
You fade into invisibility!
There is a large open door here.
You feel like a meek peon again.
The tengu reaver gestures at you while chanting.
The bolt of fire hits you! The fire burns you terribly!
* * * LOW HITPOINT WARNING * * *
Sojobo mumbles some strange words.
The air elemental fires a burst of electricity at you.
The stunning burst hits you. You resist.
You suddenly lose the ability to move!
* * * LOW HITPOINT WARNING * * *
You can move again.
The tengu reaver casts a spell at you.
The bolt of lightning hits the air elemental.
The air elemental completely resists.
The bolt of lightning hits you! You resist.
You die...

#.#..# #.......## ###..#
#+###### ##.....## .###.#
#......# ##...## ## ###
#......# ##.## #......#
##'###### #......# #........
#......# #........ #......#
#........
###'#@########........
####..#..?.E...#........
####..#..+....E.QQ'........
#..#....##........'.......:
##
##....#..##........#........
.###
#..#....###........#........
...###....#..#
#........+........
<..##..#....##
##########........
...##....#..# #........


You could see Sojobo (repels missiles), a tengu reaver and 2 air elementals.

Vanquished Creatures
  Rupert (Lair:5)
  The ghost of Tois Zosm the Severer, an adept MiBe of Trog (Swamp:2)
  A thorn hunter (Swamp:4)
  Donald (Swamp:3)
  Kirke (D:15)
  Aizul (Swamp:3)
  A tengu reaver (Vaults:3)
  Roxanne (Swamp:1)
  3 emperor scorpions
  The ghost of Beaer the Cleaver, a journeyman DsFi of Gozag (Spider:1)
  9 vault wardens
  7 ironbound preservers
  8 ghost moths
  A broodmother (Spider:4)
  2 war gargoyles (Vaults:3)
  3 formless jellyfish
  2 stone giants
  3 ironbound thunderhulks
  2 eleionomae (Swamp:4)
  4 bunyips
  A spark wasp (Spider:1)
  10 dire elephants
  6 entropy weavers
  6 great orbs of eyes
  A shambling mangrove (Swamp:1)
  7 yaktaur captains
  Josephine (D:12)
  A peacekeeper (Vaults:3)
  3 ogre magi
  20 hydras
  3 jorogumos
  2 vault guards
  10 alligators
  2 radroaches
  7 ironbound frosthearts
  Erica (D:8)
  16 two-headed ogres
  The ghost of blacky4 the Grappler, a novice TrSh of Okawaru (D:9)
  18 centaur warriors
  11 boulder beetles
  3 dancing weapons (D:13)
  A catoblepas (D:11)
  6 death yaks
  2 tengu warriors (D:15)
  5 demonic crawlers
  The ghost of Jaike the Trooper, a novice DjCA of Ignis (D:8)
  4 orc high priests (Orc:2)
  2 spriggan berserkers (Swamp:4)
  5 spriggans
  6 pharaoh ants
  3 goliath frogs
  A skeletal warrior (D:14)
  4 spriggan druids
  17 deep trolls
  10 steelbarb worms
  9 bog bodies
  7 orb spiders
  10 swamp dragons
  8 harpies (Vaults:2)
  13 ironbound convokers
  4 wizards
  2 lindwurms (Vaults:2)
  2 phantasmal warriors (Vaults:1)
  A necromancer (D:15)
  3 orc knights
  26 wolf spiders
  A deep elf zephyrmancer (D:15)
  2 deep elf pyromancers
  5 manticores
  2 orc sorcerers
  13 cyclopes
  3 will-o-the-wisps
  25 ugly things
  5 moths of wrath
  11 elephants (Lair:5)
  2 centaur zombies (D:15)
  13 black mambas
  A guardian serpent (Lair:5)
  A cane toad (shapeshifter) (D:14)
  Jeremiah (D:6)
  7 gargoyles
  9 vault sentinels
  16 cane toads
  3 centaur skeletons (D:14)
  6 torpor snails
  2 kobold demonologists (D:13)
  4 unseen horrors
  An ice statue (D:9)
  Maggie (D:7)
  7 komodo dragons
  4 rime drakes
  Psyche (D:8)
  2 efreet
  39 yaktaurs
  2 tengu conjurers (D:15)
  A freezing wraith (D:13)
  A meliai (shapeshifter) (D:15)
  A meliai (Lair:3)
  A queen bee (Lair:3)
  7 trolls
  11 tyrant leeches
  13 polar bears
  11 hornets
  43 tarantellas
  A tarantella (shapeshifter) (D:13)
  A harpy skeleton (D:14)
  Grinder (Sewer)
  2 dream sheep (Lair:5)
  10 blink frogs
  24 slime creatures
  2 raiju (Lair:5)
  30 jumping spiders
  A centaur simulacrum (D:14)
  A vampire (D:11)
  23 culicivoras
  7 wraiths
  33 yaks
  18 wyverns
  4 hogs (D:15)
  A wyvern (shapeshifter) (D:15)
  4 shadows
  5 steam dragons
  3 humans (D:15)
  A basilisk (shapeshifter) (D:13)
  4 basilisks
  31 vampire mosquitoes
  84 redbacks
  A fire elemental (D:15)
  3 acid dragons
  19 swamp worms
  5 wargs
  Menkaure (D:6)
  17 hell hounds
  19 water moccasins
  6 swamp drakes
  A sky beast (D:6)
  24 orc warriors
  4 ice beasts
  12 ogres
  15 black bears
  30 wolves
  8 centaurs
  A phantom (D:5)
  3 kobold brigands
  3 gnoll sergeants
  17 bullfrogs
  3 scorpions
  10 wights
  2 hornet simulacra
  38 killer bees
  9 howler monkeys
  An electric eel (Lair:1)
  A lava snake (D:15)
  2 quasits (Sewer)
  A hound (D:7)
  6 jellies
  32 orc priests
  3 sleepcaps
  A gnoll bouda (D:6)
  3 iguanas
  32 orc wizards
  15 gnolls
  10 adders
  5 shadow imps
  4 white imps
  A howler monkey simulacrum (D:8)
  8 ufetubi
  2 worms
  2 dart slugs
  55 orcs
  7 ball pythons
  7 endoplasms
  3 giant cockroaches
  11 hobgoblins
  2 jackals (D:5)
  3 quokkas
  5 bats
  2 frilled lizards (D:1)
  10 goblins
  24 kobolds
  A kobold zombie (Sewer)
  2 rats
1416 creatures vanquished.

Vanquished Creatures (others)
  A hydra (Swamp:4)
  A ghost crab (Swamp:2)
  A bunyip simulacrum (Swamp:2)
  A tarantella (Spider:4)
  7 bloated husks
  A tyrant leech (Swamp:1)
  A spriggan simulacrum (Swamp:2)
  A swamp drake (Swamp:4)
  6 foxfires
20 creatures vanquished.

Grand Total: 1436 creatures vanquished

Notes
Turn   | Place    | Note
-------+----------+-------------------------------------------
     0 | D:1      | magaron the Minotaur Fighter began the quest for the Orb.
     0 | D:1      | Reached XP level 1. HP: 19/19 MP: 0/0
   119 | D:1      | Reached XP level 2. HP: 22/27 MP: 1/1
   484 | D:1      | Upgraded the game from 0.31-a0-647-g38d6a14cb1 to
                  | 0.31-a0-690-g7ce4588941
   484 | D:1      | Reached XP level 3. HP: 31/33 MP: 2/2
   542 | D:2      | Found a faded altar of an unknown god.
   547 | D:2      | Reached skill level 4 in Fighting
   623 | D:2      | Found a burning altar of Makhleb.
  1084 | D:2      | Found the +7 Throatcutter {drain, coup de grace}
  1798 | D:4      | Reached skill level 1 in Long Blades
  1798 | D:4      | Reached XP level 4. HP: 40/40 MP: 3/3
  1813 | D:4      | Noticed an ogre
  1819 | D:4      | Killed an ogre
  1820 | D:4      | Reached skill level 1 in Throwing
  1820 | D:4      | Reached XP level 5. HP: 47/47 MP: 4/4
  1835 | D:4      | Found a white marble altar of Elyvilon.
  1835 | D:4      | Found a snail-covered altar of Cheibriados.
  1890 | D:4      | Found an iron altar of Okawaru.
  1898 | D:4      | Became a worshipper of Warmaster Okawaru
  2015 | D:4      | Noticed an ice beast
  2023 | D:4      | Killed an ice beast
  2024 | D:4      | Reached XP level 6. HP: 55/55 MP: 5/5
  2028 | D:4      | Found a sacrificial altar of Ru.
  2028 | D:4      | Found a glowing golden altar of the Shining One.
  2143 | D:4      | Reached skill level 5 in Fighting
  2197 | D:4      | Found a staircase to the Ecumenical Temple.
  2301 | D:4      | Reached skill level 5 in Shields
  2313 | D:4      | Reached * piety under Okawaru
  2710 | D:4      | Found a stormy altar of Qazlal.
  2713 | D:4      | Found a shimmering altar of Xom.
  3014 | D:5      | Entered Level 5 of the Dungeon
  3018 | D:5      | Reached skill level 5 in Armour
  3158 | D:5      | Found the +6 shillelagh "Devastator" {shatter}
  3168 | D:5      | Reached XP level 7. HP: 42/61 MP: 6/6
  3623 | D:5      | Reached skill level 5 in Long Blades
  4157 | D:6      | Reached ** piety under Okawaru
  4176 | D:6      | Reached XP level 8. HP: 63/70 MP: 7/7
  4184 | D:6      | Found a glowing drain.
  4195 | D:6      | Noticed Menkaure
  4201 | Sewer    | Entered a sewer
  4329 | Sewer    | Noticed Grinder
  4334 | Sewer    | Reached skill level 6 in Fighting
  4343 | Sewer    | Killed Grinder
  4349 | Sewer    | Found a burning altar of Makhleb.
  4490 | D:6      | Killed Menkaure
  4499 | D:6      | Reached skill level 10 in Fighting
  4499 | D:6      | Reached XP level 9. HP: 86/86 MP: 8/8
  4792 | D:6      | Noticed Jeremiah
  4804 | D:6      | Killed Jeremiah
  4804 | D:6      | Reached *** piety under Okawaru
  4839 | D:6      | Reached XP level 10. HP: 57/94 MP: 9/9
  5338 | D:7      | Noticed Maggie
  5344 | D:7      | Killed Maggie
  5418 | D:7      | Reached **** piety under Okawaru
  5502 | D:7      | Noticed a boulder beetle
  5543 | D:7      | Killed a boulder beetle
  5544 | D:7      | Reached skill level 11 in Fighting
  5544 | D:7      | Reached skill level 5 in Throwing
  5629 | D:7      | Noticed a deep elf pyromancer
  5629 | D:7      | Noticed a boulder beetle
  5651 | D:7      | Killed a boulder beetle
  5651 | D:7      | Received a gift from Okawaru
  5656 | D:7      | Killed a deep elf pyromancer
  5659 | D:7      | Reached XP level 11. HP: 56/102 MP: 8/10
  5666 | D:7      | Identified the +4 leather armour of Qazlal's Castigation
                  | {rPois Int+3}
  5701 | D:7      | Got the Precepts of Conjuring and Black Magic
  5776 | D:7      | Reached ***** piety under Okawaru
  6121 | D:8      | Found Omaen's CLEARANCE SALE!.
  6189 | D:8      | Found a runed translucent gate.
  6190 | D:8      | Found a runed translucent gate.
  6191 | D:8      | Found a runed translucent gate.
  6192 | D:8      | Noticed an 11-headed hydra
  6192 | D:8      | Noticed Jaike's ghost (novice DjCA)
  6306 | D:8      | Noticed Psyche
  6313 | D:8      | Killed Psyche
  6468 | D:8      | Received a gift from Okawaru
  6657 | D:8      | Noticed Erica
  6662 | D:8      | Killed Erica
  6663 | D:8      | Reached skill level 15 in Long Blades
  6760 | D:8      | Killed a five-headed hydra
  6776 | D:8      | Killed Jaike's ghost
  6825 | D:8      | Identified the +8 scimitar of Wounding {flame, rElec Str+2
                  | Dex+3}
  6844 | D:8      | Upgraded the game from 0.31-a0-690-g7ce4588941 to
                  | 0.31-a0-692-gf03d1854d5
  7046 | D:9      | Received a gift from Okawaru
  7163 | D:9      | Found a runed translucent door.
  7164 | D:9      | Noticed blacky4's ghost (novice TrSh)
  7188 | D:9      | Reached skill level 12 in Fighting
  7295 | D:9      | Found a staircase to the Lair.
  7628 | Lair:1   | Entered Level 1 of the Lair of Beasts
  7763 | Lair:1   | Reached XP level 12. HP: 112/112 MP: 11/11
  8992 | Lair:2   | Reached ****** piety under Okawaru
  8992 | Lair:2   | Identified the +1 hat of Music {Harm rF+ rCorr} (Okawaru
                  | gifted it to you on level 2 of the Lair of Beasts)
  8992 | Lair:2   | Received a gift from Okawaru
  9180 | Lair:2   | Found a staircase to the Swamp.
  9554 | Lair:2   | Noticed an eight-headed hydra
  9561 | Lair:2   | Killed a four-headed hydra
 10199 | Lair:3   | Reached skill level 10 in Shields
 10364 | Lair:3   | Found a hole to the Spider Nest.
 10507 | Lair:3   | Reached skill level 10 in Armour
 10537 | Lair:3   | Identified the +3 leather armour "Ugelah" {-Tele Rampage
                  | +Inv MP+9}
 10616 | Lair:3   | Reached skill level 13 in Fighting
 11184 | Lair:3   | Reached XP level 13. HP: 122/122 MP: 12/12
 11403 | Lair:4   | Received a gift from Okawaru
 11603 | Lair:4   | Received a gift from Okawaru
 11916 | Lair:4   | Found a staircase to the Slime Pits.
 12133 | Lair:4   | Received a gift from Okawaru
 12917 | Lair:5   | Entered Level 5 of the Lair of Beasts
 13248 | Lair:5   | Noticed Rupert
 13512 | Lair:5   | Killed Rupert
 13513 | Lair:5   | Reached skill level 14 in Fighting
 13861 | Lair:5   | Reached XP level 14. HP: 100/132 MP: 13/13
 13897 | Lair:5   | Identified the +1 spear of Fiosihi {venom, rElec rC+}
                  | (Okawaru gifted it to you on level 5 of the Lair of Beasts)
 13897 | Lair:5   | Received a gift from Okawaru
 14244 | Lair:5   | Identified the staff of Benevolence {*Corrode rPois rF+ rC+
                  | Ice}
 14760 | Lair:5   | Found the +1 robe of Vines {NoPotionHeal Regen++++}
 14766 | Lair:5   | Identified the +2 chain mail of Gravity {-Tele rC+ Dex+2
                  | SInv} (Okawaru gifted it to you on level 5 of the Lair of
                  | Beasts)
 14766 | Lair:5   | Received a gift from Okawaru
 14960 | Lair:5   | Reached skill level 10 in Throwing
 15494 | Lair:5   | Reached skill level 15 in Fighting
 15946 | D:9      | Identified the +1 long sword of the Insatiable Knives
                  | {pain, rN+ rCorr Str+5 Dex-4}
 16030 | D:10     | Entered Level 10 of the Dungeon
 16384 | D:10     | Found a bloodstained altar of Trog.
 16461 | D:10     | Found Ecabb's Book Shop.
 17090 | D:11     | Noticed a stone giant
 17119 | D:11     | Killed a stone giant
 17518 | D:11     | Received a gift from Okawaru
 18163 | D:11     | Identified the +0 scale mail "Gazeu" {+Inv rF+ MP+9}
                  | (Okawaru gifted it to you on level 11 of the Dungeon)
 18163 | D:11     | Received a gift from Okawaru
 18403 | D:11     | Reached XP level 15. HP: 115/141 MP: 14/14
 19327 | D:12     | Noticed Josephine
 19344 | D:12     | Killed Josephine
 19452 | D:12     | Found a staircase to the Orcish Mines.
 20253 | D:13     | Reached skill level 16 in Fighting
 20603 | D:13     | Found a runed translucent door.
 20603 | D:13     | Found a hide-covered altar of Uskayaw.
 20922 | D:13     | You fall into a shaft and drop 2 floors!
 20922 | D:15     | Entered Level 15 of the Dungeon
 21058 | D:14     | Paralysed by an ogre mage for 5 turns
 21079 | D:14     | Identified the +8 falchion of Res Judicata {flame, +Blink
                  | Int+5} (Okawaru gifted it to you on level 14 of the
                  | Dungeon)
 21079 | D:14     | Received a gift from Okawaru
 21534 | D:14     | Found a gate to the Vaults.
 22001 | D:13     | Received a gift from Okawaru
 23145 | D:14     | Received a gift from Okawaru
 23146 | D:14     | Reached XP level 16. HP: 154/154 MP: 15/15
 23465 | D:15     | Reached skill level 17 in Fighting
 23465 | D:15     | Reached skill level 15 in Shields
 23478 | D:15     | Reached skill level 15 in Armour
 23495 | D:15     | Received a gift from Okawaru
 23626 | D:15     | Noticed Kirke
 23654 | D:15     | Killed Kirke
 23782 | D:15     | Received a gift from Okawaru
 24423 | D:15     | Found a staircase to the Depths.
 24651 | Orc:1    | Entered Level 1 of the Orcish Mines
 25092 | Orc:2    | Entered Level 2 of the Orcish Mines
 25141 | Orc:2    | Found a staircase to the Elven Halls.
 25206 | Orc:2    | Found a shimmering blue altar of Sif Muna.
 25226 | Orc:2    | Found Mifomya's Assorted Antiques.
 25311 | Orc:2    | Received a gift from Okawaru
 25999 | Orc:2    | Found Liafu's Book Emporium.
 25999 | Orc:2    | Found Kaurr's Armour Shoppe.
 25999 | Orc:2    | Found Sodghurr's Antique Weapon Shoppe.
 26008 | Orc:2    | Found Seypoeh's Armour Emporium.
 26490 | Orc:2    | Bought a +2 pair of boots of flying for 236 gold pieces
 26497 | Orc:2    | Bought a pitted falchion for 224 gold pieces
 26497 | Orc:2    | Identified the +0 falchion of the Shifting Dove {heavy,
                  | Int+8} (You bought it in a shop on level 2 of the Orcish
                  | Mines)
 26546 | Orc:2    | Got Sif Muna's Book of the Quake
 26794 | Swamp:1  | Entered Level 1 of the Swamp
 27022 | Swamp:1  | Noticed Roxanne
 27599 | Swamp:2  | Received a gift from Okawaru
 27696 | Swamp:2  | Found a transporter.
 27696 | Swamp:2  | Noticed Tois Zosm's ghost (adept MiBe)
 27792 | Swamp:2  | Found the +2 Maxwell's thermic engine {flame, freeze, rev}
 27804 | Swamp:2  | Received a gift from Okawaru
 28039 | Swamp:2  | Reached skill level 18 in Fighting
 28075 | Swamp:2  | Found a transporter.
 28528 | Swamp:2  | Killed Tois Zosm's ghost
 28528 | Swamp:2  | Received a gift from Okawaru
 28819 | Swamp:3  | Noticed Donald
 28837 | Swamp:3  | Killed Donald
 29066 | Swamp:3  | Reached XP level 17. HP: 163/163 MP: 16/16
 29227 | Swamp:3  | Noticed Aizul
 29244 | Swamp:3  | Killed Aizul
 29635 | Swamp:4  | Entered Level 4 of the Swamp
 30226 | Swamp:4  | HP: 7/166 [tyrant leech[a spriggan druid] (8)]
 31046 | Swamp:4  | Received a gift from Okawaru
 31120 | Swamp:4  | Got a decaying rune of Zot
 31311 | Swamp:4  | Received a gift from Okawaru
 31607 | Spider:1 | Entered Level 1 of the Spider Nest
 31623 | Spider:1 | Received a gift from Okawaru
 31660 | Spider:1 | Identified the ring of Nujy {Ice rElec rN++ Str-2 Slay+2}
 31879 | Spider:1 | Received a gift from Okawaru
 32071 | Spider:1 | Reached skill level 19 in Fighting
 32098 | Spider:1 | Received a gift from Okawaru
 32782 | Spider:2 | Paralysed by a jorogumo for 2 turns
 33457 | Spider:2 | Paralysed by a jorogumo for 2 turns
 33983 | Spider:2 | Found a runed translucent gate.
 33983 | Spider:2 | Found a runed translucent gate.
 33983 | Spider:2 | Found a runed translucent gate.
 33990 | Spider:2 | Noticed Beaer's ghost (journeyman DsFi)
 34017 | Spider:2 | Reached XP level 18. HP: 171/176 MP: 17/17
 34059 | Spider:1 | HP: 6/176 [spark wasp (4)]
 34644 | Spider:1 | Killed Beaer's ghost
 34981 | Spider:2 | Identified the +2 hat of Impressiveness {Str+4 Dex-5}
 35150 | Spider:3 | Reached skill level 15 in Throwing
 36231 | Spider:3 | Received a gift from Okawaru
 36718 | Spider:4 | Entered Level 4 of the Spider Nest
 36791 | Spider:4 | Received a gift from Okawaru
 37689 | Spider:4 | Reached skill level 1 in Evocations
 37755 | Spider:4 | Reached skill level 20 in Fighting
 38142 | Spider:4 | Got a gossamer rune of Zot
 38310 | Spider:4 | Received a gift from Okawaru
 38582 | D:9      | Killed blacky4's ghost
 38655 | D:9      | Got the Almanac of Astrapomancy
 38657 | D:9      | Identified the +5 battleaxe "Kaf Jeajoi" {drain, rPois rN+
                  | Int-2}
 38759 | Swamp:1  | Killed Roxanne
 38928 | D:8      | Bought a scroll of fear for 12 gold pieces
 39123 | Orc:2    | Bought a wand of iceblast (3) for 151 gold pieces
 39123 | Orc:2    | Bought a wand of polymorph (4) for 117 gold pieces
 39123 | Orc:2    | Bought a runed falchion for 126 gold pieces
 39123 | Orc:2    | Bought a wand of digging (4) for 352 gold pieces
 39278 | Vaults:1 | Entered Level 1 of the Vaults
 39363 | Vaults:1 | Reached skill level 1 in Invocations
 39600 | Vaults:1 | Received a gift from Okawaru
 39717 | Vaults:1 | Identified the +0 scale mail "Kywoist" {Str+3}
 39743 | Vaults:1 | Reached XP level 19. HP: 135/185 MP: 19/19
 39975 | Vaults:1 | Identified the +7 scimitar "Ykamacw" {flame, rF++ Str+3}
 40176 | Vaults:1 | Paralysed by a formless jellyfish for 1 turns
 40760 | Vaults:1 | Received a gift from Okawaru
 41589 | Vaults:1 | Found Xyeschaz's Jewellery Shoppe.
 41902 | Vaults:1 | Identified the ring "Epoam" {rPois rC++ rCorr MP+9 Dex-4}
 41931 | Vaults:1 | Identified the staff of Mourning {rPois rC- rN+ Str+4 Conj
                  | Necro}
 41938 | Vaults:1 | Identified the +5 dagger of Aclow {flame, Dex+6}
 43064 | Vaults:2 | Reached skill level 5 in Evocations
 43262 | Vaults:2 | Reached skill level 5 in Invocations
 43844 | Vaults:2 | Found a staircase to the Crypt.
 43844 | Vaults:2 | Found a basalt altar of Yredelemnul.
 43844 | Vaults:2 | Found an ancient bone altar of Kikubaaqudgha.
 43984 | Vaults:2 | Reached skill level 21 in Fighting
 44712 | Vaults:3 | Received a gift from Okawaru
 45000 | Vaults:3 | Reached XP level 20. HP: 168/198 MP: 23/23
 45315 | Vaults:3 | Noticed Sojobo
 45369 | Vaults:3 | HP: 6/198 [tengu reaver/bolt of fire[Sojobo] (15)]
 45373 | Vaults:3 | Paralysed by an air elemental for 1 turns
 45374 | Vaults:3 | Killed from afar by a tengu reaver

Illustrated notes

Levels and vault maps discovered:
D:1:      dpeg_arrival_rooms_c, layout_rooms, grunt_decor_cap,
          minmay_misc_feat_ornament, chequers_garden, minmay_misc_feat_columns,
          chequers_serial_rivers_small_b, corexii_leaking_fountain
D:2:      layout_basic, basic_altar,
          hellmonk_ecumenical_altar_pennies_from_heaven, hangedman_glass_teeth
D:3:      layout_basic
D:4:      layout_layer_cave, okawaru_ov_weapons_minmay,
          nicolae_overflow_hallway_of_the_gods, minmay_temple_entry_statues,
          minivault_14
D:5:      layout_basic, dilly_guarded_unrand_devastator
D:6:      layout_basic, portal_sewer_entry_a, uniq_jeremiah, uniq_menkaure
D:7:      minmay_the_grid_octo_tiled_squarecenter
          [minmay_the_grid_octo_clover_2, minmay_the_grid_octo_odd_swirl,
          minmay_the_grid_octo_chip, minmay_the_grid_octo_checkered,
          minmay_the_grid_square_5x5_megaprize_checkered,
          minmay_the_grid_square_5x5_v, minmay_the_grid_square_5x5_two_small,
          minmay_the_grid_square_5x5_misaligned,
          minmay_the_grid_square_5x5_checkered_statues], layout_rooms,
          nrook_loot_triangle, minmay_tree_intersection, grunt_ogre_cave,
          hex_large, st_stairs_3, uniq_maggie
D:8:      layout_loops_cross, serial_ice, serial_ice_g, serial_ice_o,
          serial_ice_d, serial_ice_m, gammafunk_ghost_hydra_chop,
          nicolae_shop_clearance, uniq_erica, uniq_psyche
D:9:      layout_cave_pools, minmay_lair_entry_grove, gammafunk_ghost_grave,
          hangedman_abyss_or_decor_stabs, nicolae_wwwww, minivault_15,
          kennysheep_generic_room_10
D:10:     layout_layer_cave, trog_three_pillars_becter, serial_shops,
          nicolae_shop_crystal
D:11:     nzn_winding_woodlands_stair_cross [nzn_winding_woodlands_5x15_garden,
          nzn_winding_woodlands_center_garden,
          nzn_winding_woodlands_5x15_crooked,
          nzn_winding_woodlands_5x5_perimeter, nzn_winding_woodlands_hourglass,
          nzn_winding_woodlands_5x15_eye,
          nzn_winding_woodlands_center_pierced_h,
          nzn_winding_woodlands_5x15_pathside_ponds], layout_gridville,
          portal_ice_cave_entry_pillars_2
D:12:     layout_stronghold, david_orc_2, small_statue_intersection,
          uniq_josephine
D:13:     layout_gridville, nicolae_danse_macabre
D:14:     minmay_four_partial_circles, layout_cave_pools,
          hangedman_vaults_entry_quadrant_bands, minmay_misc_feat_enclosed
D:15:     grunt_enter_depths_magical_seal, layout_rooms, grunt_decor_junction,
          uniq_kirke
Lair:1:   layout_cave_pods, minivault_25, serial_bayou_shore_a
Lair:2:   layout_regular_city, swamp_mist, enter_volcano_3, grunt_megastairs_2
Lair:3:   layout_gridlike, hellmonk_spider_entry_not_the_bees, special_room
          [special_room_bee]
Lair:4:   layout_loops_ring, nicolae_slime_entry_slimehenge,
          minmay_lindwurm_lava
Lair:5:   hangedman_lair_tendril_chambers, layout_loops_ring,
          hangedman_lair_caniforms_friends, uniq_rupert
Swamp:1:  layout_basic_swamp, evilmike_swamp_ruin_house_6, swamp_pool1,
          uniq_roxanne
Swamp:2:  layout_falls_marsh, gammafunk_ghost_mausoleum,
          evilmike_swamp_ruin_rubble_1
Swamp:3:  layout_falls_marsh, hangedman_swamp_blocks, infiniplex_staircase_pool,
          uniq_donald, uniq_aizul
Swamp:4:  swamp_basic_johnstein, layout_basic_swamp, swamp_pool1,
          nicolae_swamp_bloodsuckers_inc, infiniplex_staircase_pool_2
Spider:1: layout_spider_delve, hangedman_spider_tarantella_strand
Spider:2: layout_spider_delve, gammafunk_ghost_tricky_traps
Spider:3: layout_cave_pods, special_room, drop_trap
Spider:4: grunt_spider_rune_parallel, guppyfry_spider_mini_1
Orc:1:    layout_diamond_mine, basic_altar, nicolae_orc_rich_vein
Orc:2:    st_orc_mages, layout_caves, serial_shops, shop_fountains, led_sif_book
Vaults:1: nicolae_vaults_gold_heap, v_pattern_4, nicolae_vaults_museum,
          vaults_room_door_hall, grunt_vaults_trifunnel,
          nicolae_vaults_six-pack, nicolae_vaults_sesquioval_fish,
          layout_vaults_omnigrid, serial_shops, shop
Vaults:2: hangedman_vaults_pinch, minmay_crypt_entry_necro_gods,
          dpeg_vaults_monster_row, hangedman_vaults_stitches,
          nicolae_vaults_what_the_h, nicolae_vaults_alarming,
          layout_vaults_chaotic_city
Vaults:3: ontoclasm_vaults_ring_square, nicolae_vaults_offset_grid_hallway_4,
          nicolae_vaults_weapon_check, nicolae_vaults_trapezoid_lopsided_4,
          v_misc_22, nicolae_vaults_ninety_degrees,
          nicolae_vaults_shrinking_rooms_2, ontoclasm_vaults_ring_small,
          nicolae_vaults_storage_closets_2, ontoclasm_vaults_shuriken,
          hangedman_vaults_capsules, nicolae_vaults_little_squares_2,
          layout_vaults_omnibox, uniq_sojobo

Skill      XL: |  1  2  3  4  5  6  7  8  9 10 11 12 13 14 15 16 17 18 19 20 |
---------------+-------------------------------------------------------------+-----
Axes           | 3 |  3.5
Shields        | 4 5 6 7 8 10 11 13 14 16 17 18 19 | 19.7
Fighting       | 4 5 10 11 12 13 14 15 16 18 19 20 21 | 21.1
Armour         | 4 5 6 7 8 10 11 13 14 16 17 18 19 | 19.7
Long Blades    | 1 2 3 4 5 13 14 15 17 18 | 18.7
Throwing       | 1 2 3 4 5 6 7 9 10 12 13 14 15 | 15.5
Evocations     | 2 5 6 |  6.0
Invocations    | 1 6 |  6.1

Action                     |  1- 3 |  4- 6 |  7- 9 | 10-12 | 13-15 | 16-18 | 19-21 || total
---------------------------+-------+-------+-------+-------+-------+-------+-------++-------
  Melee: War axe           |    63 |       |       |       |       |       |       ||    63
         Headbutt          |     7 |     6 |    25 |   136 |   340 |   422 |   196 ||  1132
         Long sword        |    15 |    57 |   138 |   511 |  1311 |   515 |       ||  2547
         Scimitar          |       |       |       |   153 |    38 |       |       ||   191
         Double sword      |       |       |       |       |       |  1239 |   611 ||  1850
  Throw: Stone             |       |     2 |       |     1 |     6 |       |       ||     9
         Boomerang         |       |       |       |       |    13 |   185 |    10 ||   208
 Invoke: Heroism           |       |       |     1 |     7 |     8 |    18 |     5 ||    39
         Finesse           |       |       |       |       |     3 |     5 |     1 ||     9
  Evoke: Wand              |       |       |       |       |       |       |     3 ||     3
    Use: Scroll            |     6 |     5 |     6 |     8 |    12 |    15 |     6 ||    58
         Potion            |     2 |       |     1 |     2 |     3 |    11 |     6 ||    25
   Stab: Confused          |       |       |       |       |       |     1 |       ||     1
         Invisible         |       |       |       |       |       |     1 |       ||     1
 Armour: Scale mail        |    33 |       |       |       |       |       |       ||    33
         Chain mail        |    10 |    39 |   110 |    84 |       |       |       ||   243
         Plate armour      |       |       |       |   588 |  1178 |  1595 |   467 ||  3828
  Dodge: Dodged            |    33 |    24 |    58 |   228 |   386 |   475 |   107 ||  1311
  Block: Buckler           |    13 |    10 |    40 |   294 |   800 |   266 |       ||  1423
         Reflection        |       |       |       |       |    29 |    22 |    49 ||   100
         Kite shield       |       |       |       |       |       |  1238 |   540 ||  1778

Table legend: (Time is in decaauts)
 A = Elapsed time spent in this place.
 B = Non-inter-level travel time spent in this place.
 C = Inter-level travel time spent in this place.
 D = Time resting spent in this place.
 E = Time spent auto-exploring this place.
 F = Levels seen in this place.
 G = Mean time per level.
                   A        B        C        D        E       F      G
               +--------+--------+--------+--------+--------+-----+--------+
         Total |  44222 |  42034 |   2188 |   7662 |  26299 |  34 | 1300.6 |
       Dungeon |  16283 |  15375 |    908 |   1886 |  10646 |  15 | 1085.5 |
          Lair |   8271 |   7777 |    494 |   1155 |   5306 |   5 | 1654.2 |
         Swamp |   4682 |   4474 |    208 |    596 |   3001 |   4 | 1170.5 |
   Spider Nest |   6646 |   6421 |    225 |   2310 |   2841 |   4 | 1661.5 |
  Orcish Mines |   2132 |   1934 |    198 |    325 |   1211 |   2 | 1066.0 |
        Vaults |   5905 |   5752 |    153 |   1364 |   3144 |   3 | 1968.3 |
         Sewer |    301 |    301 |      0 |     24 |    149 |   1 |  301.0 |
               +--------+--------+--------+--------+--------+-----+--------+

Top non-repeatable levels by time:
Vaults:1: 2963 daAuts
Spider:1: 2594 daAuts
  Lair:5: 2345 daAuts
Vaults:2: 1926 daAuts
    D:11: 1714 daAuts
    D:13: 1649 daAuts
  Lair:4: 1634 daAuts
   Orc:2: 1634 daAuts
Spider:4: 1621 daAuts
    D:15: 1548 daAuts
  Lair:2: 1522 daAuts
 Swamp:4: 1520 daAuts
  Lair:3: 1391 daAuts
  Lair:1: 1377 daAuts
    D:14: 1330 daAuts
